 Dungeon Crawl Stone Soup version 0.31.0-12-g77e489cdc1 (webtiles) character file.

Game seed: 9341026624761935103

214 PaiMei the Scholar of Death (level 5, 0/36 HPs)
             Began as a Demonspawn Necromancer on Feb 19, 2024.
             Was a Follower of Kikubaaqudgha.
             Slain by a killer bee (4 damage)
             ... on level 4 of the Dungeon.
             The game lasted 00:08:05 (3680 turns).

PaiMei the Scholar of Death (DsNe)                  Turns: 3680, Time: 00:08:05

Health: 0/36       AC:  6    Str:  8    XL:     5   Next: 59%
Magic:  1/9        EV: 18    Int: 17    God:    Kikubaaqudgha [*.....]
Gold:   146        SH:  4    Dex: 14    Spells: 2/10 levels left

rFire   . . .        p - +2 dagger (flame)
rCold   . . .        (no shield)
rNeg    . . .        a - +0 robe
rPois   +            (no helmet)
rElec   .            (no cloak)
rCorr   .            k - +0 pair of gloves
SInv    .            c - +0 pair of boots
Will    .....        (no amulet)
Stlth   ++           e - ring of poison resistance
HPRegen 0.26/turn    l - +5 ring of evasion
MPRegen 0.11/turn

%: no passive effects
@: lethally poisoned (0 -> -3)
A: yellow scales 1, powered by death 1, condensation shield
a: Renounce Religion, Unearth Wretches


You were on level 4 of the Dungeon.
You worshipped Kikubaaqudgha.
Kikubaaqudgha was aware of your devotion.
You visited 1 branch of the dungeon, and saw 4 of its levels.

You collected 146 gold pieces.

Inventory:

Hand Weapons
 p - a +2 dagger of flaming (weapon)
Missiles
 f - 5 poisoned darts (quivered)
Armour
 a - a +0 robe (worn)
 c - a +0 pair of boots (worn)
 k - a +0 pair of gloves (worn)
Jewellery
 e - a ring of poison resistance (left hand)
 l - a +5 ring of evasion (right hand)
Scrolls
 d - 2 scrolls of fear {unknown}
 g - 3 scrolls of poison {unknown}
 h - 2 scrolls of identify {unknown}
 j - 2 scrolls of summoning {unknown}
 n - a scroll of immolation {unknown}
 r - a scroll of teleportation {unknown}
 s - a scroll of blinking {unknown}
 t - a scroll of revelation {unknown}
 u - a scroll of enchant armour {unknown}
Potions
 b - a potion of magic
 i - 2 potions of might {unknown}
 m - a potion of resistance {unknown}
 o - 2 potions of degeneration {unknown}
 q - a potion of cancellation {unknown}


   Skills:
 + Level 0.6 Fighting
 + Level 3.1 Dodging
 - Level 3.0 Stealth
 + Level 3.1 Spellcasting
 + Level 5.3 Necromancy


You had 2 spell levels left.
You knew the following spells:

 Your Spells              Type           Power      Damage    Failure   Level
a - Necrotise             Necr           80%        1d8       1%          1
b - Vampiric Draining     Necr           20%        2d7       5%          3
c - Animate Dead          Necr           20%        N/A       19%         4

Your spell library contained the following spells:

 Spells                   Type           Power      Damage    Failure   Level
 Sublimation of Blood     Necr           20%        N/A       2%          2
 Kiss of Death            Conj/Necr      44%        2d8       6%          1
 Cigotuvi's Dreadful Rot  Necr/Alch/Air  16%        N/A       12%         2
 Foxfire                  Conj/Fire      8%         2x1d4     17%         1
 Call Canine Familiar     Summ           2%         N/A       45%         3
 Sigil of Binding         Hex            2%         N/A       45%         3
 Curse of Agony           Necr           20%        N/A       45%         5
 Dimensional Bullseye     Hex/Tloc       1%         N/A       86%         4


Dungeon Overview and Level Annotations

Branches:
Dungeon (4/15)
 Temple: D:4-7

Altars:
Kikubaaqudgha
Qazlal


Innate Abilities, Weirdness & Mutations

You are partially covered in yellow scales. (AC +2)
You regenerate a little health from kills.
A meltable shield of frost defends you. (SH +4)


Message History

The killer bee stings you but does no damage.
Casting: Vampiric Draining (dangerous; 5% risk of failure)
Confirm with . or Enter, or press ? or * to list all spells.
You don't have enough magic to cast this spell.
Casting: Vampiric Draining (dangerous; 5% risk of failure)
Confirm with . or Enter, or press ? or * to list all spells.
You don't have enough magic to cast this spell.
You feel sick. The killer bee barely misses you.
You feel sick.
The killer bee attacks as it pursues you!
The killer bee misses you.
You feel sick.
You are no longer poisoned.
The killer bee attacks as it pursues you!
The killer bee stings you.
You are poisoned.
The killer bee poisons you!
Casting: Vampiric Draining (dangerous; 5% risk of failure)
Confirm with . or Enter, or press ? or * to list all spells.
You don't have enough magic to cast this spell.
You feel very sick. The killer bee closely misses you.
The killer bee attacks as it pursues you!
The killer bee closely misses you. The killer bee stings you.
* * * LOW HITPOINT WARNING * * *
The killer bee completely misses you.
* * * LOW HITPOINT WARNING * * *
You feel sick.
The killer bee attacks as it pursues you!
The killer bee barely misses you. The killer bee misses you.
The killer bee closely misses you. You block the killer bee's attack.
* * * LOW HITPOINT WARNING * * *
You feel sick.
The killer bee attacks as it pursues you!
You block the killer bee's attack. The killer bee closely misses you. x2
There is a stone staircase leading up here.
* * * LOW HITPOINT WARNING * * *
You feel sick. The killer bee stings you.
You die...
Kikubaaqudgha rasps: "You have failed me!
Welcome... death!"

## ##. .. ######### #.#
#....y..### #.#
#...@y....# ..#
#....y..#.# ..#
#.......#.# ..#
#################†###
..#.#...................#
..#.#.###############.#.#
..#.#.................#.#
..#.###################.#
..#.#.......y...# #y#


You could see 3 killer bees.

Vanquished Creatures
  A killer bee (D:4)
  A bombardier beetle (D:4)
  An orc priest (D:3)
  3 adders
  A dart slug (D:1)
  2 ribbon worms
  4 orcs
  3 ball pythons
  6 bats
  8 endoplasms
  7 goblins
  7 hobgoblins
  2 jackals (D:3)
  5 kobolds
  6 quokkas
  2 frilled lizards (D:2)
  5 rats
64 creatures vanquished.

Vanquished Creatures (collateral kills)
  An endoplasm (D:1)
  A goblin (D:1)
  A ball python (D:4)
3 creatures vanquished.

Grand Total: 67 creatures vanquished

Notes
Turn   | Place    | Note
-------+----------+-------------------------------------------
     0 | D:1      | PaiMei the Demonspawn Necromancer began the quest for the
                  | Orb.
     0 | D:1      | Reached XP level 1. HP: 13/13 MP: 3/3
   170 | D:1      | Gained mutation: You regenerate a little health from kills.
                  | [demonic ancestry]
   170 | D:1      | Reached XP level 2. HP: 17/19 MP: 1/5
   874 | D:2      | Reached XP level 3. HP: 24/24 MP: 3/6
  1316 | D:2      | Found an ancient bone altar of Kikubaaqudgha.
  1324 | D:2      | Became a worshipper of Kikubaaqudgha
  1391 | D:2      | Found a faded altar of an unknown god.
  1399 | D:2      | Got Plato's Lectures on Conflagration
  1725 | D:3      | Noticed an earth elemental
  1777 | D:3      | Found a stormy altar of Qazlal.
  1779 | D:3      | Noticed a fire elemental
  1779 | D:3      | Noticed a water elemental
  1779 | D:3      | Noticed an air elemental
  2073 | D:3      | Gained mutation: You are partially covered in yellow
                  | scales. (AC +2) [demonic ancestry]
  2073 | D:3      | Reached XP level 4. HP: 30/30 MP: 5/7
  2712 | D:3      | Reached skill level 5 in Necromancy
  2864 | D:3      | Reached * piety under Kikubaaqudgha
  2864 | D:3      | Received a gift from Kikubaaqudgha
  3164 | D:4      | Learned a level 3 spell: Vampiric Draining
  3169 | D:4      | Learned a level 4 spell: Animate Dead
  3320 | D:4      | Gained mutation: A meltable shield of frost defends you.
                  | (SH +4) [demonic ancestry]
  3320 | D:4      | Reached XP level 5. HP: 35/35 MP: 2/9
  3628 | D:4      | Noticed an ogre
  3680 | D:4      | Slain by a killer bee

Illustrated notes

Levels and vault maps discovered:
D:1:      beargit_arrival_diablo_church, layout_rooms
D:2:      layout_loops_ring, shapermc_ecumenical_altar_rom_forum, basic_altar
D:3:      layout_basic, mainiacjoe_overflow_catwalk,
          nicolae_qazlal_style_of_elements, grunt_ministairs_6
D:4:      layout_basic, mainiacjoe_overflow_brackets

Skill      XL: |  1  2  3  4  5 |
---------------+----------------+-----
Stealth        | 2 3 |  3.0
Dodging        | 2 3 |  3.1
Necromancy     | 5 |  5.3
Spellcasting   | 3 |  3.1
Fighting       | |  0.6

Action                     |  1- 3 |  4- 6 || total
---------------------------+-------+-------++-------
  Melee: Dagger            |    16 |     8 ||    24
         Unarmed           |     1 |       ||     1
         Punch             |     1 |       ||     1
   Cast: Necrotise         |    82 |    35 ||   117
         Vampiric Draining |       |     5 ||     5
 Armour: Robe              |    16 |    24 ||    40
  Dodge: Dodged            |    29 |    63 ||    92
  Block: Other             |       |     7 ||     7
